 Dungeon Crawl Stone Soup version 0.19.3-4-gbf9329e (webtiles) character file.

2482 dngmouse the Fighter (level 9, -1/77 HPs)
             Began as a Formicid Abyssal Knight on Jan 27, 2017.
             Was an Elder of Lugonu.
             Slain by Faldahar's ghost (6 damage)
             ... in a bailey.
             The game lasted 00:26:47 (8324 turns).

dngmouse the Fighter (Formicid Abyssal Knight)      Turns: 8324, Time: 00:26:48

Health: -1/77      AC: 12    Str: 19 (20) XL:     9   Next: 81%
Magic:  12/12      EV:  6    Int: 10 (11) God:    Lugonu [****..]
Gold:   394        SH:  4    Dex: 11 (13) Spells: 0 memorised, 8 levels left

rFire  . . .     SeeInvis +     a - +0 lajatang
rCold  . . .     Gourm    .     I - +0 plate armour
rNeg   . . .     Faith    .     u - +0 buckler
rPois  +         Spirit   .     (helmet unavailable)
rElec  .         Reflect  .     (no cloak)
rCorr  .         Harm     .     (no gloves)
MR     .....                    (no boots)
Stlth  ..........               s - amulet of magic regeneration
                                E - ring of poison resistance
                                p - +2 ring of strength

@: no status effects
A: permanent stasis, dig shafts and tunnels, four strong arms, antennae 3,
rugged brown scales 1
a: Dig, Shaft Self, Depart the Abyss, Bend Space, Banish, Corrupt, Renounce
Religion


You were in a bailey.
You worshipped Lugonu.
Lugonu was greatly pleased with you.
You were not hungry.

You visited 2 branches of the dungeon, and saw 8 of its levels.
You visited the Abyss 1 time.
You also visited: Bailey.

You collected 544 gold pieces.
You spent 150 gold pieces at shops.

Inventory:

Hand Weapons
 a - a +0 lajatang (weapon)
Missiles
 b - 12 tomahawks (quivered)
Armour
 u - a +0 buckler (worn)
 F - a +0 leather armour of fire resistance
 I - a +0 plate armour (worn)
Jewellery
 p - a +2 ring of strength (left hand)
 s - an amulet of magic regeneration (around neck)
 v - an uncursed ring of magical power
 x - an uncursed ring of resist corrosion
 E - a ring of poison resistance (right hand)
Wands
 C - a wand of confusion (3/48)
Scrolls
 d - 3 scrolls of magic mapping {unknown}
 e - 3 scrolls of recharging {unknown}
 f - a scroll of enchant weapon {unknown}
 g - 4 scrolls of teleportation {unknown}
 j - 2 scrolls of fog {unknown}
 k - 2 scrolls of amnesia {unknown}
 l - 2 scrolls of remove curse {unknown}
 o - 3 scrolls of enchant armour {unknown}
 r - 5 scrolls of identify
 y - a scroll of immolation {unknown}
 D - a scroll of fear {unknown}
Potions
 h - a potion of curing
Comestibles
 c - 4 bread rations
 i - 5 meat rations
 m - 7 fruits
 q - 9 chunks of flesh
 w - a beef jerky
 B - a royal jelly


   Skills:
 - Level 8.8 Fighting
   Level 2.0(5.8) Maces & Flails
 + Level 8.6(8.8) Staves
 - Level 4.3 Armour
 - Level 0.8 Dodging
 - Level 2.0 Shields
 - Level 4.3 Invocations


You had 8 spell levels left.
You didn't know any spells.

Dungeon Overview and Level Annotations

Branches:
Dungeon (7/15)             Temple (1/1) D:5

Altars:
Ashenzari
Cheibriados
Elyvilon
Fedhas
Gozag
Hepliaklqana
Kikubaaqudgha
Makhleb
Nemelex Xobeh
Qazlal
Ru
Sif Muna
Trog
Vehumet
Xom
Yredelemnul
Zin
The Shining One

Shops:
D:5 (

Annotations:
Bailey Faldahar's ghost, journeyman VSBe


Innate Abilities, Weirdness & Mutations

You are under a permanent stasis effect.
You can dig through walls and to a lower floor.
Your four strong arms can wield two-handed weapons with a shield.
You have a pair of large antennae on your head. (SInv)
You are partially covered in rugged brown scales. (AC +1, +3% HP)


Message History

You block the orc's attack. Faldahar's ghost hits you.
* * * LOW HITPOINT WARNING * * *
Faldahar's ghost freezes you.
* * * LOW HITPOINT WARNING * * *
Your plate armour prevents you from hitting the orc.
The orc is severely wounded.
The orc barely misses you. You block Faldahar's ghost's attack.
You slash the orc!
You kill the orc!
Lugonu accepts your kill. You block Faldahar's ghost's attack.
Evoke which item? (* to show all) (? for menu, Esc to quit)
Zapping:
C - a wand of confusion (4/48)
Press: ? - help, Shift-Dir - straight line, f/p - Faldahar's ghost
Aim: Faldahar's ghost, wielding a weapon of freezing (moderately damaged, chance to defeat MR: 9%) Faldahar's ghost resists with almost no effort.
This wand has 3 charges left.
Faldahar's ghost hits you!
* * * LOW HITPOINT WARNING * * *
Faldahar's ghost freezes you.
You die...

############ ######
##.∩........## #.....#
#.).)........######.......
#.)))......))#....#.......
#∩).........W@)..)))......
#.))).......)#....#.......
#............######..)....
##.∩........## #.....#
############ ######


You could see Faldahar's ghost.

Vanquished Creatures
  The ghost of dscm the Chopper, a novice DsFi of Uskayaw (D:5)
  3 orc warriors
  2 ice beasts (D:5)
  2 phantoms
  2 ogres
  3 bullfrogs (D:6)
  A scorpion (D:5)
  A howler monkey (D:6)
  3 crimson imps
  4 orc wizards
  A centaur zombie (D:5)
  2 hounds (D:5)
  An orc priest (D:3)
  A quasit (D:6)
  A bullfrog skeleton (D:5)
  A bullfrog zombie (D:5)
  A centaur skeleton (D:5)
  2 jellies
  An iguana (D:5)
  3 worker ants
  Natasha (thrice) (D:3)
  A hound skeleton (D:4)
  Robin (D:3)
  12 adders
  An ooze (D:2)
  An adder skeleton (D:6)
  4 worms
  4 dart slugs
  4 leopard geckos
  40 orcs
  7 bats
  2 giant cockroaches
  22 goblins
  15 hobgoblins
  5 quokkas
  5 frilled lizards
  2 jackal skeletons (D:4)
  7 kobolds
  A quokka zombie (D:5)
  6 rats
179 creatures vanquished.

Vanquished Creatures (others)
  5 starspawn tentacles (Abyss:1)
5 creatures vanquished.

Grand Total: 184 creatures vanquished

Notes
Turn   | Place    | Note
-------+----------+-------------------------------------------
     0 | Abyss:1  | dngmouse the Formicid Abyssal Knight began the quest for the Orb.
     0 | Abyss:1  | Reached XP level 1. HP: 18/18 MP: 2/2
    23 | Abyss:1  | Found a corrupted altar of Lugonu.
   131 | Abyss:1  | Noticed a tentacled starspawn
   213 | D:1      | Escaped the Abyss
   409 | D:1      | Reached * piety under Lugonu
   429 | D:1      | Reached XP level 2. HP: 23/25 MP: 3/3
   670 | D:1      | Reached XP level 3. HP: 8/31 MP: 4/4
  1442 | D:2      | Reached skill level 5 in Fighting
  1442 | D:2      | Reached XP level 4. HP: 28/39 MP: 5/5
  1701 | D:2      | Found a bloodstained altar of Trog.
  1705 | D:2      | Found a glowing silver altar of Zin.
  2272 | D:2      | Reached XP level 5. HP: 17/46 MP: 6/6
  2285 | D:2      | Reached ** piety under Lugonu
  2504 | D:2      | Found a deep blue altar of Sif Muna.
  2897 | D:2      | Found a blossoming altar of Fedhas.
  3409 | D:3      | Noticed Natasha
  3416 | D:3      | Killed Natasha
  3530 | D:3      | Noticed Natasha
  3558 | D:3      | Killed Natasha
  3558 | D:3      | Reached XP level 6. HP: 37/53 MP: 7/7
  3578 | D:3      | Noticed Natasha
  3586 | D:3      | Killed Natasha
  3982 | D:4      | Noticed a phantom
  3997 | D:4      | Noticed Robin
  4043 | D:3      | Killed a phantom
  4478 | D:3      | Killed Robin
  4581 | D:3      | Reached XP level 7. HP: 50/61 MP: 8/8
  4585 | D:3      | Reached *** piety under Lugonu
  4617 | D:3      | Reached skill level 1 in Shields
  5334 | D:5      | Entered Level 5 of the Dungeon
  5536 | D:5      | Noticed dscm's ghost (novice DsFi)
  5825 | D:5      | Reached XP level 8. HP: 50/69 MP: 10/10
  6082 | D:5      | Found a staircase to the Ecumenical Temple.
  6090 | D:5      | Found Fenavic's Weapon Boutique.
  6131 | D:5      | Bought a +0 lajatang for 150 gold pieces
  6142 | Temple   | Entered the Ecumenical Temple
  6288 | D:5      | Reached skill level 1 in Staves
  6883 | D:5      | Killed dscm's ghost
  6883 | D:5      | Reached skill level 5 in Staves
  6883 | D:5      | Reached XP level 9. HP: 39/75 MP: 12/12
  7498 | D:6      | Reached **** piety under Lugonu
  8109 | D:7      | Found a flagged portal.
  8153 | Bailey   | Entered a bailey
  8173 | Bailey   | Gained mutation: You are partially covered in rugged brown scales. (AC +1, +3% HP) [potion of mutation]
  8173 | Bailey   | Gained mutation: Your spells are a little easier to cast, but a little less powerful. [potion of mutation]
  8173 | Bailey   | Lost mutation: Your spells are a little easier to cast, but a little less powerful. [potion of mutation]
  8273 | Bailey   | Noticed Faldahar's ghost (journeyman VSBe)
  8324 | Bailey   | Slain by Faldahar's ghost

Skill      XL: |  1  2  3  4  5  6  7  8  9 |
---------------+----------------------------+-----
Fighting       | 4 5 6 7 8 |  8.8
Shields        | 2 |  2.0
Armour         | 4 |  4.3
Invocations    | 3 4 |  4.3
Staves         | 5 8 |  8.6
Maces & Flails | |  2.0
Dodging        | |  0.8

Action                   |  1- 3 |  4- 6 |  7- 9 || total
-------------------------+-------+-------+-------++-------
Melee: Mace              |    81 |   283 |   190 ||   554
       Lajatang          |       |       |   228 ||   228
Invok: Depart the Abyss  |     1 |       |       ||     1
Evoke: Wand              |       |       |    16 ||    16
  Use: Potion            |       |       |     7 ||     7
       Scroll            |       |       |     1 ||     1
 Stab: Confused          |       |       |     3 ||     3
  Eat: Chunk             |     2 |    10 |    13 ||    25
Armor: Leather armour    |    14 |    32 |       ||    46
       Chain mail        |       |   166 |   188 ||   354
       Skin              |       |       |    74 ||    74
       Plate armour      |       |       |    60 ||    60
Dodge: Dodged            |    75 |   142 |   174 ||   391
Block: Buckler           |       |    20 |   106 ||   126
